 Dungeon Crawl Stone Soup version 0.23.2-33-g5129a83 (webtiles) character file.

Game seed: 14706765854873188811

100 Aphrodieselac the Charmwright (level 4, 0/33 HPs)
             Began as a Merfolk Skald on Aug 5, 2019.
             Succumbed to a worker ant's poison
             ... on level 2 of the Dungeon.
             The game lasted 00:04:56 (1769 turns).

Aphrodieselac the Charmwright (Merfolk Skald)       Turns: 1769, Time: 00:04:57

Health: 0/33       AC:  3    Str: 11    XL:     4   Next: 73%
Magic:  0/7        EV: 12    Int: 13    God:
Gold:   119        SH:  0    Dex: 13    Spells: 4/7 levels left

rFire    . . .     SeeInvis .   a - +0 spear
rCold    . . .     Gourm    .   (no shield)
rNeg     . . .     Faith    .   b - +0 leather armour
rPois    .         Spirit   .   (no helmet)
rElec    .         Reflect  .   (no cloak)
rCorr    .         Harm     .   (no gloves)
MR       .....                  (no boots)
Stlth    +.........             (no amulet)
HPRegen  0.11/turn              (no ring)
MPRegen  0.10/turn              (no ring)

@: lethally poisoned (0 -> -9), infused (expiring), singing
A: change form in water, swift swim, stealthy swim
a: no special abilities


You were on level 2 of the Dungeon.
You were not hungry.

You visited 1 branch of the dungeon, and saw 2 of its levels.

You collected 119 gold pieces.

Inventory:

Hand Weapons
 a - a +0 spear (weapon)
Missiles
 e - 16 poisoned needles
 f - 53 sling bullets
Armour
 b - a +0 leather armour (worn)
Jewellery
 c - an uncursed amulet of the gourmand {unknown}
Scrolls
 g - 3 scrolls of identify {unknown}
 i - 3 scrolls of amnesia {unknown}
 l - a scroll of immolation {unknown}
 n - a scroll of enchant weapon {unknown}
 o - a scroll of fear {unknown}
 q - a scroll of enchant armour {unknown}
Potions
 h - 2 potions of ambrosia {unknown}
 j - 2 potions of lignification {unknown}
 m - 2 potions of curing {unknown}
 p - a potion of agility {unknown}
Comestibles
 d - 4 rations
 k - 3 chunks of flesh


   Skills:
 - Level 2.1 Fighting
 + Level 4.7 Polearms
 - Level 0.6 Armour
 - Level 2.6 Dodging
 - Level 2.0 Spellcasting
 * Level 5.1 Charms


You had 4 spell levels left.
You knew the following spells:

 Your Spells              Type           Power        Failure   Level  Hunger
a - Infusion              Chrm           ##..         4%          1    ##.....
b - Song of Slaying       Chrm           ##......     6%          2    ###....

Your spell library contained the following spells:

 Spells                   Type           Power        Failure   Level  Hunger
 Shroud of Golubria       Chrm/Tloc      #.........   19%         2    ###....
 Regeneration             Chrm/Necr      #.........   34%         3    ####...
 Spectral Weapon          Hex/Chrm       #.......     34%         3    ####...


Dungeon Overview and Level Annotations

Branches:
Dungeon (2/15)

Altars:


Message History

* * * LOW HITPOINT WARNING * * *
You feel sick. The worker ant closely misses you.
You hit the worker ant but do no damage.
The worker ant is almost dead.
* * * LOW HITPOINT WARNING * * *
You feel sick. The worker ant closely misses you.
You hit the worker ant.
The worker ant is almost dead.
* * * LOW HITPOINT WARNING * * *
You feel sick. The worker ant barely misses you.
You hit the worker ant but do no damage.
The worker ant is almost dead.
Your magical infusion is running out.
* * * LOW HITPOINT WARNING * * *
You feel sick. The worker ant bites you.
* * * LOW HITPOINT WARNING * * *
You hit the worker ant.
You kill the worker ant!
Your Charms skill increases to level 5!
You die...

### #### . ..# ..... ..#########
#.# ..... ..........####.# ......
.. ............##.##.....♣ ..
#........#.##.......♣
.#####..........@†h..#
.....#......######..##
.....#...........##.#
.....####.###.##.###.# ## #
.....# #..###.## #.#### ....
.....# ##......## ....# .#.#
#.#### ####....(######..# ....
#.#######................####.#.#
#...##....#.......#..............


You could see a jackal.

Vanquished Creatures
  Jessica (D:2)
  A worker ant (D:2)
  An adder (D:2)
  2 oozes
  3 dart slugs
  A leopard gecko (D:1)
  2 giant cockroaches
  A goblin (D:2)
  3 hobgoblins
  A jackal (D:2)
  A ball python (D:2)
  2 bats
  4 frilled lizards
  2 kobolds (D:1)
  4 rats
29 creatures vanquished.

Notes
Turn   | Place    | Note
-------+----------+-------------------------------------------
     0 | D:1      | Aphrodieselac the Merfolk Skald began the quest for the
                  | Orb.
     0 | D:1      | Reached XP level 1. HP: 16/16 MP: 3/3
    67 | D:1      | Reached XP level 2. HP: 4/22 MP: 5/5
   608 | D:1      | Reached skill level 4 in Charms
   653 | D:1      | Reached XP level 3. HP: 27/27 MP: 6/6
   834 | D:2      | Learned a level 2 spell: Song of Slaying
  1051 | D:2      | Noticed Jessica
  1060 | D:2      | Killed Jessica
  1356 | D:2      | Reached XP level 4. HP: 18/33 MP: 7/7
  1768 | D:2      | HP: 1/33 [worker ant (4)]
  1769 | D:2      | Reached skill level 5 in Charms
  1769 | D:2      | Succumbed to a worker ant's poison

Skill      XL: |  1  2  3  4 |
---------------+-------------+-----
Charms         | 4 5 |  5.1
Polearms       | 4 |  4.7
Fighting       | |  2.1
Armour         | |  0.6
Dodging        | |  2.6
Spellcasting   | |  2.0

Action                   |  1- 3 |  4- 6 || total
-------------------------+-------+-------++-------
Melee: Spear             |   109 |    53 ||   162
 Cast: Infusion          |     2 |     2 ||     4
       Song of Slaying   |     1 |     1 ||     2
 Stab: Sleeping          |     1 |       ||     1
  Eat: Chunk             |     2 |     1 ||     3
Armor: Leather armour    |    23 |    16 ||    39
Dodge: Dodged            |    64 |    36 ||   100
